 Dungeon Crawl Stone Soup version 0.31-a0-1010-g5322dac6a2 (webtiles) character file.

Game seed: 13593858093464826668

3 kae the Vexing (level 1, 0/13 HPs)
             Began as a Demonspawn Enchanter on Nov 16, 2023.
             Slain by a jackal (2 damage)
             ... on level 1 of the Dungeon.
             The game lasted 00:00:19 (132 turns).

kae the Vexing (Demonspawn Enchanter)                Turns: 132, Time: 00:00:20

Health: 0/13       AC:  2    Str:  8    XL:     1   Next: 41%
Magic:  3/3        EV: 12    Int: 16    God:
Gold:   0          SH:  0    Dex: 13    Spells: 4/4 levels left

rFire   . . .        a - +1 dagger
rCold   . . .        (no shield)
rNeg    . . .        b - +0 robe
rPois   .            (no helmet)
rElec   .            (no cloak)
rCorr   .            (no gloves)
SInv    .            (no boots)
Will    .....        (no amulet)
Stlth   +            (no ring)
HPRegen 0.22/turn    (no ring)
MPRegen 0.08/turn

%: no passive effects
@: silenced
A: no striking features
a: no special abilities


You were on level 1 of the Dungeon.
You visited 1 branch of the dungeon, and saw 1 of its levels.


   Skills:
 * Level 1.1 Short Blades
 - Level 1.7 Dodging
 + Level 2.7 Stealth
 + Level 2.0 Spellcasting
 + Level 3.0 Hexes


You had 4 spell levels left.
You didn't know any spells.
Your spell library contained the following spells:

 Spells                   Type           Power      Damage    Failure   Level
 Ensorcelled Hibernation  Hex/Ice        12%        N/A       17%         2
 Confusing Touch          Hex            11%        N/A       19%         3
 Tukima's Dance           Hex            11%        N/A       19%         3
 Dazzling Flash           Conj/Hex       12%        N/A       32%         3

Inventory:

Hand Weapons
 a - a +1 dagger (weapon)
Missiles
 e - 6 stones
Armour
 b - a +0 robe (worn)
Scrolls
 f - 2 scrolls of noise {unknown}
Potions
 c - 2 potions of invisibility

Dungeon Overview and Level Annotations

Branches:
Dungeon (1/15) Zot: 5868

Altars:

..#............#
......h........#
.......##......#
.(.............#
.......##......#
....... #h†....#
.###..# ##rh...## ....
#h####.#
#...##.##.@....#
..............#.#
...................#.#
.....................#
....................##
.8..8...............#
≈§≈§≈≈.8..8.........#
......≈≈≈§≈≈.8..8...#
...........§≈≈≈≈§≈.##


You could see 2 jackals and a rat.


Message History

You take 4 damage, and now have 9/13 hp.
MASSIVE DAMAGE!! (PAUSE)
The rat attacks as it pursues you! The rat closely misses you.
You hit the rat.
You kill the rat!
The jackal barely misses you. 😕 HP[+1]
You hit the jackal. The jackal barely misses you.
Unknown command.
You closely miss the jackal. You punch the jackal, but do no damage.
The jackal bites you. 😮 HP[-3]
You take 3 damage, and now have 7/13 hp.
MASSIVE DAMAGE!! (PAUSE)
You hit the jackal but do no damage. The jackal closely misses you. x2
You miss the jackal. The jackal bites you.
* * * LOW HITPOINT WARNING * * *
😨 HP[-3]
You take 3 damage, and now have 4/13 hp.
MASSIVE DAMAGE!! (PAUSE)
You closely miss the jackal.
The jackal completely misses you. 😨 HP[+1]
You hit the jackal but do no damage.
The jackal bites you but does no damage.
You hit the jackal. The jackal bites you.
* * * LOW HITPOINT WARNING * * *
The jackal bites you.
* * * LOW HITPOINT WARNING * * *
😱 HP[-4]
You take 4 damage, and now have 1/13 hp.
MASSIVE DAMAGE!! (PAUSE)
You hit the jackal but do no damage. The jackal misses you.
Unknown command.
You closely miss the jackal. The jackal barely misses you.
You hit the jackal.
You kill the jackal! 😱 HP[+1]
You start resting. 😕 HP[+9]
You regained 9 hp, and now have 11/13 hp.
You start resting. 😎 HP[+2]
Your hp is fully restored (13).
You see here a jackal corpse.
An endoplasm comes into view.
The endoplasm quivers.
A rat and a jackal come into view.
The jackal barks! x2
The jackal bites you. 😕 HP[-2]
You take 2 damage, and now have 11/13 hp.
You closely miss the jackal. The jackal misses you.
The jackal barely misses you.
You barely miss the jackal. The jackal bites you. 😕 HP[-1]
You take 1 damage, and now have 10/13 hp.
Unknown command.
Unknown command.
The endoplasm attacks as it pursues you!
The endoplasm hits you. 😮 HP[-1]
You take 1 damage, and now have 9/13 hp.
You hit the endoplasm. The endoplasm freezes you.
You are frozen.
You hit the jackal but do no damage. The endoplasm hits you.
The jackal barely misses you. 😮 HP[-1]
You take 1 damage, and now have 8/13 hp.
You closely miss the jackal. The endoplasm freezes you.
You are frozen.
* * * LOW HITPOINT WARNING * * *
The jackal bites you.
* * * LOW HITPOINT WARNING * * *
The jackal bites you but does no damage. 😨 HP[-4]
You take 4 damage, and now have 4/13 hp.
MASSIVE DAMAGE!! (PAUSE)
As you read the scroll labelled POYNTU UTYLINN, it crumbles to dust.
A profound silence engulfs you.
It was a scroll of silence.
The jackal closely misses you.
The jackal bites you but does no damage.
The endoplasm barely misses you.
Unknown command.
Magic scrolls do not work when you're silenced!
The jackal attacks as it pursues you! The jackal barely misses you.
The jackal bites you.
* * * LOW HITPOINT WARNING * * *
The jackal barely misses you. The jackal bites you.
* * * LOW HITPOINT WARNING * * *
😱 HP[-2]
You take 2 damage, and now have 2/13 hp.
You see here a bat corpse.
The jackal attacks as it pursues you! The jackal misses you.
The jackal closely misses you. The jackal barely misses you.
Unknown command.
You see here a jackal corpse.
The jackal bites you.
You die...

Skill      XL: |  1 |
---------------+----+-----
Short Blades   | 1 |  1.1
Dodging        | |  1.7
Stealth        | |  2.7
Spellcasting   | |  2.0
Hexes          | |  3.0

Action                     || total
---------------------------++-------
  Melee: Dagger            ||    21
         Punch             ||     1
    Use: Scroll            ||     1
 Armour: Robe              ||    19
  Dodge: Dodged            ||    27

Levels and vault maps discovered:
D:1:      orjb1_lava_funnel, layout_rooms, shapermc_ecumenical_altar_pompeii

Notes
Turn   | Place    | Note
-------+----------+-------------------------------------------
     0 | D:1      | kae the Demonspawn Enchanter began the quest for the Orb.
     0 | D:1      | Reached XP level 1. HP: 13/13 MP: 3/3
     0 | D:1      | magus.rc [v1.11.3]
    47 | D:1      | Reached skill level 1 in Short Blades
    61 | D:1      | HP: 2/13 [jackal (3)]
   128 | D:1      | HP: 2/13 [jackal (2)]
   132 | D:1      | Slain by a jackal

Vanquished Creatures
  A bat (D:1)
  A jackal (D:1)
  A rat (D:1)
3 creatures vanquished.

Table legend:
 A = Non-vault XP
 B = Vault XP
 C = Vault XP percentage of total XP
 D = Non-vault monster count
 E = Vault monster count
 F = Vault count percentage of total count
                 A         B        C        D         E       F
            +---------+---------+-------+---------+---------+-------
      Total |       5 |       0 |   0.0 |       3 |       0 |   0.0
            +---------+---------+-------+---------+---------+-------
        D:1 |       5 |       0 |   0.0 |       3 |       0 |   0.0
            +---------+---------+-------+---------+---------+-------

Skill      XL: |  1 |
---------------+----+-----
Short Blades   | 1 |  1.1
Dodging        | |  1.7
Stealth        | |  2.7
Spellcasting   | |  2.0
Hexes          | |  3.0

Action                     || total
---------------------------++-------
  Melee: Dagger            ||    21
         Punch             ||     1
    Use: Scroll            ||     1
 Armour: Robe              ||    19
  Dodge: Dodged            ||    27

Illustrated notes

Table legend:
 A = Kills in this place as a percentage of kills in the entire game.
 B = Kills by you in this place as a percentage of kills by you in the entire game.
 C = Kills by friends in this place as a percentage of kills by friends in the entire game.
 D = Other kills in this place as a percentage of other kills in the entire game.
 E = Experience gained in this place as a percentage of experience gained in the entire game.
 F = Experience gained in this place divided by the number of levels of this place that you have seen.
                   A       B       C       D       E      F
               +-------+-------+-------+-------+-------+----------------------
         Total | 100.0 | 100.0 |   N/A |   N/A | 100.0 |   5.0
       Dungeon | 100.0 | 100.0 |   N/A |   N/A | 100.0 |   5.0
               +-------+-------+-------+-------+-------+----------------------

Table legend: (Time is in decaauts)
 A = Elapsed time spent in this place.
 B = Non-inter-level travel time spent in this place.
 C = Inter-level travel time spent in this place.
 D = Time resting spent in this place.
 E = Time spent auto-exploring this place.
 F = Levels seen in this place.
 G = Mean time per level.
                   A        B        C        D        E       F      G
               +--------+--------+--------+--------+--------+-----+--------+
         Total |    130 |    130 |      0 |     50 |     38 |   1 |  130.0 |
       Dungeon |    130 |    130 |      0 |     50 |     38 |   1 |  130.0 |
               +--------+--------+--------+--------+--------+-----+--------+

Top non-repeatable levels by time:
     D:1: 130 daAuts
